 Dungeon Crawl Stone Soup version 0.22-a0-126-g307c7c3 (webtiles) character file.

52 tilp the Chiller (level 3, -2/24 HPs)
             Began as a Merfolk Ice Elementalist on Jan 30, 2018.
             Killed by nerve-wracking pain
             ... invoked by an orc priest
              (14 damage)
             ... on level 3 of the Dungeon.
             The game lasted 00:05:56 (2421 turns).

tilp the Chiller (Merfolk Ice Elementalist)         Turns: 2421, Time: 00:05:57

Health: -2/24      AC:  7    Str:  8    XL:     3   Next: 85%
Magic:  6/6        EV: 12    Int: 15    God:
Gold:   124        SH:  0    Dex: 14    Spells: 0/6 levels left

rFire    . . .     SeeInvis .   e - +0 dagger
rCold    . . .     Gourm    .   (no shield)
rNeg     . . .     Faith    .   d - +2 leather armour {rPois}
rPois    +         Spirit   .   (no helmet)
rElec    .         Reflect  .   l - +1 cloak
rCorr    .         Harm     .   (no gloves)
MR       .....                  (no boots)
Stlth    ++........             (no amulet)
HPRegen  0.08/turn              (no ring)
MPRegen  0.10/turn              (no ring)

@: no status effects
A: change form in water, swift swim, stealthy swim
a: no special abilities


You were on level 3 of the Dungeon.
You were not hungry.

You visited 1 branch of the dungeon, and saw 3 of its levels.

You collected 124 gold pieces.

Inventory:

Hand Weapons
 e - a +0 dagger (weapon)
 f - a +0 hunting sling
 r - a +0 spear
Missiles
 i - 122 stones (quivered)
Armour
 a - a +0 robe
 d - a +2 leather armour of poison resistance (worn)
 k - a +0 leather armour
 l - a +1 cloak (worn)
Scrolls
 h - 5 scrolls of identify {unknown}
 m - 2 scrolls of teleportation {unknown}
 o - a scroll of blinking {unknown}
 q - 2 scrolls of amnesia {unknown}
Potions
 g - a potion of lignification {unknown}
 j - a potion of brilliance {unknown}
 p - a potion of might {unknown}
Books
 b - a book of Frost

   Spells                             Type                      Level
   a - Freeze                         Ice                          1
   b - Throw Frost                    Conjuration/Ice              2
   c - Ozocubu's Armour               Charms/Ice                   3
   d - Throw Icicle                   Conjuration/Ice              4
   e - Summon Ice Beast               Ice/Summoning                4
Comestibles
 c - 5 rations
 n - 4 chunks of flesh


   Skills:
 - Level 2.6 Dodging
 - Level 2.1 Stealth
 - Level 2.0 Spellcasting
 - Level 0.7 Conjurations
 + Level 5.1 Ice Magic


You couldn't memorise any spells.
You knew the following spells:

 Your Spells              Type           Power        Failure   Level  Hunger
a - Freeze                Ice            ###.         3%          1    #......
b - Throw Frost           Conj/Ice       ##....       14%         2    ###....
c - Ozocubu's Armour      Chrm/Ice       #.......     32%         3    ###....


Dungeon Overview and Level Annotations

Branches:
Dungeon (3/15)

Altars:
Ashenzari
Elyvilon
Uskayaw
Xom


Message History

This raw flesh tastes terrible.
HP restored.
You start resting.
Magic restored.
You climb downwards.
There is a stone staircase leading up here.
Things that are here:
a club; a leopard gecko skeleton
There is an escape hatch in the ceiling here.
There is an escape hatch in the ceiling here.
The orc priest calls down the wrath of Beogh upon you.
Beogh smites you!
Ouch! That really hurt!
There is an escape hatch in the ceiling here.
Things that are here:
a dagger; a club; an orc corpse The orc priest calls down the wrath of Beogh upon you.
Pain shoots through your body!
Ouch! That really hurt!
You die...

#.#.###.... .
##.#)# #.##..
#.##..(.###...#..
#...........#....
#.##....###...# #
#.......o.....#.#
#####.#.#.......#
#.#)#.......#
#.#@#.......#
#.#.)##...###
##.# ...# #>#
#.## #.# .. #.#
### ... #.. ###


You could see an orc priest.

Vanquished Creatures
  3 dart slugs (D:1)
  A leopard gecko (D:3)
  2 orcs (D:3)
  6 bats
  A giant cockroach (D:1)
  4 goblins
  4 hobgoblins
  5 jackals
  6 kobolds
  A quokka (D:2)
  A frilled lizard (D:1)
  3 rats
37 creatures vanquished.

Notes
Turn   | Place    | Note
-------+----------+-------------------------------------------
     0 | D:1      | tilp the Merfolk Ice Elementalist began the quest for the Orb.
     0 | D:1      | Reached XP level 1. HP: 13/13 MP: 3/3
   246 | D:1      | Reached XP level 2. HP: 19/19 MP: 3/5
   250 | D:1      | Learned a level 2 spell: Throw Frost
   455 | D:1      | Reached skill level 4 in Ice Magic
   971 | D:1      | Reached XP level 3. HP: 24/24 MP: 6/6
   976 | D:1      | Learned a level 3 spell: Ozocubu's Armour
  1438 | D:2      | Found a white marble altar of Elyvilon.
  1815 | D:2      | Found a shimmering altar of Xom.
  1900 | D:2      | Found a hide-covered altar of Uskayaw.
  1936 | D:2      | Found a shattered altar of Ashenzari.
  2338 | D:3      | Reached skill level 5 in Ice Magic
  2421 | D:3      | Killed from afar by an orc priest

Vault maps used:
D:1:      saegor_arrival_simple_f
D:2:      grunt_temple_overflow_open, elyvilon_altar_1
D:3:      uniq_sigmund

Skill      XL: |  1  2  3 |
---------------+----------+-----
Ice Magic      | 4 5 |  5.1
Dodging        | |  2.6
Stealth        | |  2.1
Spellcasting   | |  2.0
Conjurations   | |  0.7

Action                   || total
-------------------------++-------
Melee: Unarmed           ||     4
       Dagger            ||    45
 Cast: Freeze            ||    50
 Stab: Sleeping          ||     2
       Distracted        ||     1
  Eat: Chunk             ||     6
Armor: Robe              ||     9
       Leather armour    ||    10
Dodge: Dodged            ||    46

Table legend:
 A = Spawn XP
 B = Non-spawn XP
 C = Spawn XP percentage of total XP
 D = Spawn monster count
 E = Non-spawn monster count
 F = Spawn count percentage of total count
 G = Total turns spent on level
                    A         B        C        D         E        F      G
               +---------+---------+-------+---------+---------+-------+---------
         Total |       0 |      75 |   0.0 |       0 |      37 |   0.0 |  2421
               +---------+---------+-------+---------+---------+-------+---------
           D:1 |       0 |      36 |   0.0 |       0 |      16 |   0.0 |  1360
           D:2 |       0 |      23 |   0.0 |       0 |      14 |   0.0 |   967
           D:3 |       0 |      16 |   0.0 |       0 |       7 |   0.0 |    94
               +---------+---------+-------+---------+---------+-------+---------
